[Event "Titled Tuesday Blitz January 10 Late 2023"]
[White "Souza, Gustavo Horokoski De"]
[Black "Winkels, Marcel"]
[WhiteFideId "2146584"]
[BlackFideId "1003887"]
[WhiteElo "1943"]
[BlackElo "1960"]
[Result "0-1"]
[Round "06"]
[TimeControl "180+2"]
[Date "2023.01.10"]
[WhiteClock "0:02:00"]
[BlackClock "0:02:11"]

1. d4 Nf6 2. c4 g6 3. Nc3 d5 4. Nf3 Bg7 5. Bf4 O-O 6. e3 c5 7. dxc5 Qa5 8. cxd5 Ne4 9. Rc1 Nxc3 10. Qd2 Qxc5 11. Rxc3 Bxc3 12. bxc3 Nd7 13. Bh6 Rd8 14. Bd3 Nf6 15. c4 b5 16. O-O bxc4 17. Rc1 Qxd5 18. Rxc4 Qxd3 0-1


[Site "https://www.chess.com"]

[Event "Titled Tuesday Blitz January 10 Late 2023"]
[White "Kho, Darrell"]
[Black "Ali, Kairi G."]
[WhiteFideId "1019317"]
[BlackFideId "9206655"]
[WhiteElo "2075"]
[BlackElo "1802"]
[Result "1-0"]
[Round "06"]
[TimeControl "180+2"]
[Date "2023.01.10"]
[WhiteClock "0:00:05"]
[BlackClock "0:00:14"]

1. e4 e6 2. d4 d5 3. Nd2 c5 4. Ngf3 cxd4 5. Nxd4 Nc6 6. Bb5 Bd7 7. Nxc6 bxc6 8. Bd3 Bd6 9. Nf3 Ne7 10. Qe2 Ng6 11. e5 Bc7 12. O-O O-O 13. Re1 c5 14. c4 Re8 15. b3 Bc6 16. Bg5 Qd7 17. h4 d4 18. h5 Nf8 19. h6 g6 20. Bf6 Bd8 21. Bxd8 Qxd8 22. Be4 Bxe4 23. Qxe4 Rc8 24. Qf4 Nd7 25. Ng5 Qe7 26. Rad1 Rc6 27. Rd3 f5 28. exf6 Qxf6 29. Qxf6 Nxf6 30. Rf3 e5 31. Ne4 Nxe4 32. Rxe4 Ra6 33. a4 Rd6 34. Kf1 d3 35. Ke1 Rd4 36. Rxd4 exd4+ 37. Kd2 Re2+ 38. Kxd3 Rb2 39. Rf6 Rxb3+ 40. Kd2 Rb2+ 41. Kc1 Rb4 42. Ra6 Rxc4+ 43. Kd2 Rb4 44. Rxa7 c4 45. Rg7+ Kh8 46. Ra7 Rb8 47. Rc7 c3+ 48. Kd3 Rd8 49. a5 Kg8 50. a6 Ra8 51. a7 Kf8 52. Rxh7 Kg8 53. Rg7+ Kh8 54. Rb7 Rc8 55. Rb8 Rg8 56. a8=Q Rxb8 57. Qxb8+ Kh7 58. Qc7+ Kxh6 59. Kxd4 Kg5 60. Qxc3 Kg4 61. Qg3+ Kf5 62. f3 g5 63. Qg4+ Kg6 64. Ke5 Kh6 65. Kf5 1-0


[Site "https://www.chess.com"]

[Event "Titled Tuesday Blitz January 10 Late 2023"]
[White "ajedrez-facil"]
[Black "Pinero Rodriguez, Carlos Jose"]
[BlackFideId "3901726"]
[WhiteElo "2127"]
[BlackElo "2246"]
[Result "1-0"]
[Round "06"]
[TimeControl "180+2"]
[Date "2023.01.10"]
[WhiteClock "0:00:34"]
[BlackClock "0:00:24"]

1. e4 c5 2. Nf3 d6 3. d4 cxd4 4. Qxd4 Nf6 5. Nc3 Nc6 6. Bb5 Bd7 7. Bxc6 bxc6 8. Bg5 e6 9. Bxf6 Qxf6 10. Qxf6 gxf6 11. O-O-O Be7 12. Rhe1 h5 13. Nd2 h4 14. Nc4 d5 15. exd5 cxd5 16. Ne3 Rg8 17. Ncxd5 exd5 18. Nxd5 Be6 19. Nc7+ Kf8 20. Nxa8 Rxg2 21. Nc7 Bxa2 22. Nd5 Bxd5 23. Rxd5 Rxf2 24. Rd7 Bc5 25. Rd2 Rf3 26. Rde2 Kg7 27. c3 a5 28. Kc2 a4 29. Re4 a3 30. bxa3 f5 31. Rc4 Bxa3 32. Rxh4 Bc5 33. Re2 f4 34. Re5 Be3 35. Rf5 Kg6 36. Re5 Rf2+ 37. Kd3 Kf6 38. Ke4 Rc2 39. Rf5+ Ke6 40. Rh6+ Ke7 41. Rhf6 Rxc3 42. Rxf7+ Ke6 43. R5f6# 1-0


[Site "https://www.chess.com"]

[Event "Titled Tuesday Blitz January 10 Late 2023"]
[White "Almedina Ortiz, Edgardo J."]
[Black "Prohorov, Olexandr"]
[WhiteFideId "3100197"]
[BlackFideId "14105578"]
[WhiteElo "2156"]
[BlackElo "2086"]
[Result "1-0"]
[Round "06"]
[TimeControl "180+2"]
[Date "2023.01.10"]
[WhiteClock "0:00:38"]
[BlackClock "0:00:18"]

1. d4 d6 2. Bf4 g6 3. e4 Bg7 4. Nc3 c6 5. Qd2 b5 6. Nf3 Nf6 7. Bd3 Bg4 8. Bh6 Bxh6 9. Qxh6 b4 10. Ne2 Qa5 11. b3 Qh5 12. Qe3 Nbd7 13. Nf4 Qa5 14. e5 Nd5 15. Nxd5 Qxd5 16. Bc4 Qa5 17. exd6 O-O 18. dxe7 Rfe8 19. O-O Bxf3 20. Qxf3 c5 21. Qxf7+ Kh8 22. d5 Ne5 23. Qf6+ Kg8 24. Qxe5 1-0


[Site "https://www.chess.com"]

[Event "Titled Tuesday Blitz January 10 Late 2023"]
[White "Vargas, Mauricio"]
[Black "Wang, Alexander J"]
[WhiteFideId "4404572"]
[BlackFideId "30955270"]
[WhiteElo "2035"]
[BlackElo "1815"]
[Result "1-0"]
[Round "06"]
[TimeControl "180+2"]
[Date "2023.01.10"]
[WhiteClock "0:00:54"]
[BlackClock "0:01:23"]

1. e4 c5 2. f4 d6 3. Nc3 Nc6 4. Nf3 g6 5. Bb5 Bd7 6. O-O Bg7 7. d3 a6 8. Bxc6 Bxc6 9. Bd2 e6 10. Qe1 Ne7 11. Rd1 O-O 12. Qh4 b5 13. f5 gxf5 14. Bh6 Ng6 15. Qh3 fxe4 16. Ng5 Bd4+ 17. Kh1 exd3 18. Rxd3 e5 19. Rg3 Re8 20. Bg7 1-0


[Site "https://www.chess.com"]

[Event "Titled Tuesday Blitz January 10 Late 2023"]
[White "Andreikin, Dmitry"]
[Black "Paravyan, David"]
[WhiteFideId "4158814"]
[BlackFideId "4194985"]
[WhiteElo "2729"]
[BlackElo "2601"]
[Result "1-0"]
[Round "07"]
[TimeControl "180+2"]
[Date "2023.01.10"]
[WhiteClock "0:00:28"]
[BlackClock "0:00:04"]

1. Nf3 Nf6 2. c4 g6 3. b4 Bg7 4. Bb2 O-O 5. e3 d5 6. cxd5 Nxd5 7. Bxg7 Kxg7 8. Qb3 Qd6 9. a3 e5 10. Nc3 Nxc3 11. Qxc3 Re8 12. Bc4 Nc6 13. O-O Bg4 14. Ng5 f6 15. Ne4 Qe7 16. f4 Bf5 17. Ng3 Bd7 18. b5 Nd8 19. a4 Rc8 20. a5 Nf7 21. Bxf7 Qxf7 22. Qb2 Qd5 23. b6 cxb6 24. axb6 a6 25. Rf2 Rc4 26. Raf1 exf4 27. Ne2 Qe5 28. Qxe5 fxe5 29. exf4 Bc6 30. f5 gxf5 31. Rxf5 Re7 32. Ng3 Rg4 33. Rf6 Rd7 34. Nh5+ Kh8 35. Rf8+ Rg8 36. Rxg8+ Kxg8 37. Nf6+ Kg7 38. Nxd7 Bxd7 39. Rc1 1-0


[Site "https://www.chess.com"]

[Event "Titled Tuesday Blitz January 10 Late 2023"]
[White "Bortnyk, Olexandr"]
[Black "Xiong, Jeffery"]
[WhiteFideId "14120828"]
[BlackFideId "2047640"]
[WhiteElo "2605"]
[BlackElo "2692"]
[Result "0-1"]
[Round "07"]
[TimeControl "180+2"]
[Date "2023.01.10"]
[WhiteClock "0:00:01"]
[BlackClock "0:01:02"]

1. e4 e6 2. d4 d5 3. Nc3 Nf6 4. Bg5 dxe4 5. Nxe4 Be7 6. Bxf6 gxf6 7. Nf3 f5 8. Nc3 a6 9. g3 b5 10. Bg2 Bb7 11. Qe2 O-O 12. O-O b4 13. Na4 Bc6 14. Nc5 Bxc5 15. dxc5 Bb5 16. Qe3 Bxf1 17. Qh6 Nd7 18. Ng5 Nf6 19. Bxa8 Be2 20. Bg2 Qd4 21. Re1 Bh5 22. Bf1 Rd8 23. Rxe6 Bg6 24. Re2 Qxb2 25. Qh4 Rd1 26. Kg2 Qa1 27. Nxh7 Bxh7 28. Qg5+ Bg6 0-1


[Site "https://www.chess.com"]

[Event "Titled Tuesday Blitz January 10 Late 2023"]
[White "Zakhartsov, Vladimir"]
[Black "Deac, Bogdan-Daniel"]
[WhiteFideId "4145097"]
[BlackFideId "1226380"]
[WhiteElo "2552"]
[BlackElo "2700"]
[Result "1-0"]
[Round "07"]
[TimeControl "180+2"]
[Date "2023.01.10"]
[WhiteClock "0:00:02"]
[BlackClock "0:00:02"]

1. d4 Nf6 2. c4 e6 3. Nf3 d5 4. Nc3 Be7 5. Bf4 O-O 6. e3 b6 7. Rc1 Bb7 8. a3 c5 9. cxd5 exd5 10. Bd3 c4 11. Bb1 a6 12. Ne5 Nbd7 13. g4 b5 14. g5 Ne4 15. Bxe4 dxe4 16. Qg4 Nb6 17. h4 Qc8 18. Qg3 Qf5 19. h5 f6 20. gxf6 Bxf6 21. Ng4 Qe6 22. Bd6 Be7 23. Be5 Rf3 24. Qg2 Raf8 25. Ne2 Nd5 26. Rg1 R8f7 27. Nf4 Nxf4 28. Bxf4 R3xf4 29. exf4 e3 30. Qg3 exf2+ 31. Kxf2 Qd6 32. Ne5 Qxd4+ 33. Ke2 Qe4+ 34. Kd1 Qd4+ 35. Ke2 Qe4+ 36. Kd1 Bf6 37. Nxf7 Kxf7 38. Rc2 Qf5 39. Rd2 Be4 40. Ke1 Qc5 41. Qf2 Qc6 42. Qa7+ Ke6 43. Qe3 c3 44. bxc3 Kf7 45. Kf2 Bf5 46. Re1 1-0


[Site "https://www.chess.com"]

[Event "Titled Tuesday Blitz January 10 Late 2023"]
[White "Nakamura, Hikaru"]
[Black "Martinez Alcantara, Jose Eduardo"]
[WhiteFideId "2016192"]
[BlackFideId "3805662"]
[WhiteElo "2775"]
[BlackElo "2619"]
[Result "1-0"]
[Round "07"]
[TimeControl "180+2"]
[Date "2023.01.10"]
[WhiteClock "0:00:16"]
[BlackClock "0:00:01"]

1. e4 e5 2. Nc3 Nc6 3. Bc4 Bc5 4. d3 d6 5. h3 Be6 6. Bb3 Nf6 7. Nge2 h6 8. O-O Qd7 9. Bxe6 fxe6 10. Na4 Bb6 11. Ng3 O-O 12. c3 Ne7 13. Nxb6 axb6 14. d4 Ng6 15. f3 Qc6 16. Re1 b5 17. a3 Kh7 18. Be3 Nd7 19. Rc1 Nb6 20. Qc2 Nc4 21. Bf2 Qe8 22. Nf1 Nf4 23. Kh2 Qg6 24. Be3 Nh5 25. Rcd1 Qf6 26. Bc1 Qg6 27. Qf2 Qf6 28. Ne3 Nxe3 29. Bxe3 Nf4 30. Rd2 Ng6 31. Red1 Ra4 32. Qe2 Ra5 33. Kh1 Qf7 34. Rc2 Qe8 35. Qe1 Ra4 36. Qe2 Qc6 37. Rdc1 Qc4 38. Qd1 Qb3 39. Qe1 Raa8 40. Qe2 Qc4 41. Qd1 Qb3 42. Qf1 Qc4 43. Qe1 Qb3 44. Bg1 Nf4 45. Qd2 Qc4 46. Bh2 Ng6 47. Rd1 Qb3 48. Rcc1 Qa4 49. Qe2 Qc4 50. Qxc4 bxc4 51. dxe5 dxe5 52. Rd7 Rfc8 53. Rcd1 Kg8 54. h4 h5 55. Kg1 Ra6 56. Bg3 Rb6 57. R1d2 Nf8 58. Rd8 Rxd8 59. Rxd8 Rxb2 60. Bxe5 Kf7 61. Rc8 Ng6 62. Rxc7+ Ke8 63. Bg3 Kf8 64. Rxc4 b5 65. Rb4 Rc2 66. Rxb5 Rxc3 67. a4 Kf7 68. a5 Ra3 69. Rb7+ Kf6 70. e5+ Nxe5 71. Bxe5+ Kxe5 72. Rxg7 Kf4 73. Rg5 e5 74. Kh2 Rxa5 75. Rxh5 Ra8 76. Rh7 Ra1 77. Rf7+ Ke3 78. Rf5 Ra5 79. h5 Kf2 80. h6 Ra4 81. Rh5 e4 82. fxe4 Ra5 83. Rf5+ 1-0


[Site "https://www.chess.com"]

[Event "Titled Tuesday Blitz January 10 Late 2023"]
[White "Dubov, Daniil"]
[Black "Mosadeghpour, Masoud"]
[WhiteFideId "24126055"]
[BlackFideId "12519278"]
[WhiteElo "2708"]
[BlackElo "2472"]
[Result "0-1"]
[Round "07"]
[TimeControl "180+2"]
[Date "2023.01.10"]
[WhiteClock "0:00:02"]
[BlackClock "0:00:12"]

1. d4 Nf6 2. Nf3 e6 3. Bg5 d5 4. Nbd2 Nbd7 5. e3 c5 6. c3 Bd6 7. Bd3 Qc7 8. O-O c4 9. Bc2 b5 10. e4 dxe4 11. Nxe4 Nxe4 12. Bxe4 Bb7 13. Qc2 h6 14. Bh4 O-O 15. Rfe1 Bd5 16. Bxd5 exd5 17. Qf5 Qc6 18. Re2 Rae8 19. Rae1 Rxe2 20. Rxe2 b4 21. Bg3 Bxg3 22. hxg3 bxc3 23. bxc3 Nf6 24. Re7 Qa4 25. g4 Qxa2 26. g5 Ne4 27. Ne5 Nxg5 28. Nd7 Rd8 29. f4 Qa3 30. Nf6+ gxf6 31. Qxf6 Rf8 32. fxg5 Qc1+ 33. Kh2 Qxg5 34. Qd6 a5 35. Re5 Qf4+ 36. Kh3 a4 37. Qxd5 a3 38. Qxc4 Qc1 39. Kh2 Qf4+ 40. Kh3 Qc1 41. Qb3 Qh1+ 42. Kg3 Kh8 43. Re4 Rg8+ 44. Rg4 Rxg4+ 45. Kxg4 Qxg2+ 46. Kf4 a2 47. Qa3 Kg7 48. c4 Qf1+ 49. Ke5 a1=Q 50. Qg3+ Kf8 51. Kd5 Qa8+ 52. Kc5 Qc8+ 0-1


[Site "https://www.chess.com"]

[Event "Titled Tuesday Blitz January 10 Late 2023"]
[White "Moroni, Luca Jr"]
[Black "Fedoseev, Vladimir"]
[WhiteFideId "865834"]
[BlackFideId "24130737"]
[WhiteElo "2535"]
[BlackElo "2680"]
[Result "0-1"]
[Round "07"]
[TimeControl "180+2"]
[Date "2023.01.10"]
[WhiteClock "0:00:01"]
[BlackClock "0:00:07"]

1. d4 d5 2. Nf3 Nf6 3. c3 Nbd7 4. Bf4 Nh5 5. Bd2 c5 6. e3 g6 7. c4 cxd4 8. Nxd4 Bg7 9. cxd5 O-O 10. Nc3 Nb6 11. Be2 Nf4 12. exf4 Bxd4 13. Bf3 Bf5 14. Be3 Bg7 15. Bd4 Bh6 16. g4 Bd7 17. g5 Bg7 18. Bxg7 Kxg7 19. Qd4+ Kg8 20. h4 Bf5 21. h5 Rc8 22. b3 Qd7 23. Rc1 gxh5 24. O-O f6 25. d6 fxg5 26. Nd5 Qxd6 27. Rxc8 Nxc8 28. fxg5 Bh3 29. Re1 Rxf3 30. Nxe7+ Kf7 31. Qc4+ Be6 32. Nxc8 Qd7 33. Qe4 Rf5 34. g6+ hxg6 35. Qxb7 Rg5+ 36. Kh2 Qxb7 37. Nd6+ Kf6 38. Nxb7 Rd5 39. Re2 Bc8 40. Re8 Bxb7 41. Rb8 Rd7 42. Kg3 Rf7 43. f4 Be4 44. b4 Bf5 45. a4 Kg7 46. b5 Rd7 47. a5 Rd3+ 48. Kf2 Rb3 49. b6 axb6 50. axb6 h4 51. Rb7+ Kh6 52. Rb8 Kh5 0-1


[Site "https://www.chess.com"]

[Event "Titled Tuesday Blitz January 10 Late 2023"]
[White "Kamsky, Gata"]
[Black "Naroditsky, Daniel"]
[WhiteFideId "2000024"]
[BlackFideId "2026961"]
[WhiteElo "2665"]
[BlackElo "2618"]
[Result "1/2-1/2"]
[Round "07"]
[TimeControl "180+2"]
[Date "2023.01.10"]
[WhiteClock "0:00:22"]
[BlackClock "0:00:37"]

1. e4 c6 2. Nf3 d5 3. d3 Qc7 4. Nc3 dxe4 5. dxe4 e5 6. a4 Nf6 7. Bg5 Nbd7 8. Bc4 Bb4 9. O-O O-O 10. Qe2 a5 11. Na2 Be7 12. Nc3 Nc5 13. Rfd1 Bg4 14. h3 Bh5 15. Bh4 Bg6 16. Bg3 Bd6 17. Rxd6 Qxd6 18. Nxe5 Qe7 19. Nxg6 hxg6 20. e5 Nfd7 21. Re1 Rae8 22. h4 Kh8 23. Qg4 Nf6 24. Qg5 Nh5 25. Bh2 Nf6 26. Re3 Nfd7 27. Qxe7 Rxe7 28. e6 Rxe6 29. Bxe6 Nxe6 30. Ne4 1/2-1/2


[Site "https://www.chess.com"]

[Event "Titled Tuesday Blitz January 10 Late 2023"]
[White "Vachier-Lagrave, Maxime"]
[Black "Zierk, Steven"]
[WhiteFideId "623539"]
[BlackFideId "2034255"]
[WhiteElo "2742"]
[BlackElo "2488"]
[Result "1-0"]
[Round "07"]
[TimeControl "180+2"]
[Date "2023.01.10"]
[WhiteClock "0:00:31"]
[BlackClock "0:00:09"]

1. d4 e6 2. c4 f5 3. Nc3 Nf6 4. Bg5 Be7 5. e3 c6 6. Bd3 d5 7. Nge2 O-O 8. O-O h6 9. Bf4 Nbd7 10. cxd5 Nxd5 11. Rc1 Nxf4 12. Nxf4 Nf6 13. Ng6 Re8 14. Nxe7+ Qxe7 15. Qb3 Kh8 16. Ne2 e5 17. dxe5 Qxe5 18. Nf4 Kh7 19. Rfd1 Bd7 20. Bc4 g5 21. Nh5 Nxh5 22. Rxd7+ Re7 23. Qxb7 Re8 24. Qxa7 Nf6 25. Rxe7+ Rxe7 26. Qd4 Qxd4 27. exd4 Ne4 28. Bd3 Rd7 29. Bxe4 fxe4 30. Rxc6 Rxd4 31. Rc1 h5 32. Ra1 Ra4 33. a3 h4 34. b3 Ra8 35. a4 Rb8 36. a5 1-0


[Site "https://www.chess.com"]

[Event "Titled Tuesday Blitz January 10 Late 2023"]
[White "Sevian, Samuel"]
[Black "Sanal, Vahap"]
[WhiteFideId "2040506"]
[BlackFideId "6300545"]
[WhiteElo "2684"]
[BlackElo "2600"]
[Result "1-0"]
[Round "07"]
[TimeControl "180+2"]
[Date "2023.01.10"]
[WhiteClock "0:00:10"]
[BlackClock "0:00:04"]

1. e4 e5 2. Nf3 Nc6 3. Bb5 a6 4. Ba4 Nf6 5. O-O Nxe4 6. d4 b5 7. Bb3 d5 8. Nxe5 Nxe5 9. dxe5 c6 10. Nd2 Nc5 11. Nf3 Nxb3 12. axb3 Be7 13. Nd4 Bd7 14. e6 fxe6 15. Qh5+ g6 16. Qe2 Kf7 17. Re1 Re8 18. Nxe6 Qc8 19. Qf3+ Kg8 20. Ng5 Bf5 21. Bd2 Qd7 22. h4 h6 23. Nh3 Bxh3 24. gxh3 Bxh4 25. Bxh6 Kh7 26. Be3 Re4 27. Bd2 Rae8 28. Rxe4 dxe4 29. Qe3 Kg8 30. Rxa6 Rf8 31. Ra7 Qf5 32. Be1 Bg5 33. Qd4 Bf6 34. Qd7 Qxd7 35. Rxd7 Bxb2 36. Re7 Rf3 37. Kg2 Rf4 38. Re6 c5 39. Rxg6+ Kf7 40. Rg4 Rxg4+ 41. hxg4 c4 42. bxc4 bxc4 43. f3 exf3+ 44. Kxf3 Ke6 45. Ke4 Be5 46. Bd2 c3 47. Be3 Bf6 48. Bd4 Bd8 49. Bxc3 Be7 50. Be5 Kf7 51. Kf5 Ke8 52. Ke6 Bd8 53. c3 Bg5 54. c4 Be7 55. Bf4 Kd8 56. g5 Ke8 57. g6 Bf8 58. Be5 1-0


[Site "https://www.chess.com"]

[Event "Titled Tuesday Blitz January 10 Late 2023"]
[White "Baskakov, Egor"]
[Black "Sarana, Alexey"]
[WhiteFideId "24197866"]
[BlackFideId "24133795"]
[WhiteElo "2215"]
[BlackElo "2685"]
[Result "0-1"]
[Round "07"]
[TimeControl "180+2"]
[Date "2023.01.10"]
[WhiteClock "0:00:13"]
[BlackClock "0:00:04"]

1. e4 e5 2. Nc3 Nf6 3. g3 d5 4. exd5 Nxd5 5. Bg2 Nxc3 6. bxc3 Bd6 7. d3 O-O 8. Ne2 c6 9. O-O Re8 10. f4 exf4 11. Nxf4 Nd7 12. Bd2 Nf6 13. h3 Bf5 14. g4 Bg6 15. g5 Nd5 16. Nxd5 cxd5 17. h4 Bc5+ 18. Kh1 Be3 19. Bxe3 Rxe3 20. h5 Qxg5 21. hxg6 hxg6 22. Rf3 Rae8 23. Rxe3 Rxe3 24. Qf1 Qg3 25. Bxd5 Kh7 26. d4 Rxc3 27. Rd1 Rxc2 28. Bg2 Qh4+ 29. Kg1 Qg4 30. Rd3 Kg8 31. d5 Qg5 32. Rd1 Qg4 33. Rd3 Qg5 34. d6 Qc5+ 35. Kh1 Rc1 36. Rd1 Qh5+ 37. Kg1 Rxd1 38. d7 Rxf1+ 39. Kxf1 Qd1+ 0-1


[Site "https://www.chess.com"]

[Event "Titled Tuesday Blitz January 10 Late 2023"]
[White "Svane, Frederik"]
[Black "Theodorou, Nikolas"]
[WhiteFideId "12923044"]
[BlackFideId "4262875"]
[WhiteElo "2600"]
[BlackElo "2591"]
[Result "1-0"]
[Round "07"]
[TimeControl "180+2"]
[Date "2023.01.10"]
[WhiteClock "0:00:04"]
[BlackClock "0:00:30"]

1. c4 Nf6 2. Nc3 g6 3. g3 Bg7 4. Bg2 O-O 5. d3 d6 6. Nf3 Nc6 7. O-O e5 8. Rb1 a5 9. a3 Nd4 10. Nxd4 exd4 11. Nd5 Ng4 12. Bd2 Re8 13. Re1 c6 14. Nf4 a4 15. b3 axb3 16. Qxb3 Ne5 17. a4 h5 18. h4 Re7 19. a5 Bg4 20. Bb4 Ra6 21. Qa3 Rd7 22. Qb2 g5 23. hxg5 Qxg5 24. Bd2 Qd8 25. f3 Bf5 26. Nxh5 Bh8 27. Nf4 Re7 28. Kf2 Bg7 29. Rh1 Bg6 30. Rh2 b6 31. axb6 Rb7 32. Qc1 Ra2 33. Nxg6 fxg6 34. Ra1 Rxa1 35. Qxa1 Qxb6 36. Bh3 Re7 37. Qa8+ Kf7 38. f4 Qb2 39. fxe5 Qxd2 40. e6+ Kf6 41. Kf1 Qc1+ 42. Kf2 Qe3+ 43. Kf1 Qxg3 44. Rf2+ Kg5 45. Rg2 1-0


[Site "https://www.chess.com"]

[Event "Titled Tuesday Blitz January 10 Late 2023"]
[White "Ibarra Jerez, Jose Carlos"]
[Black "Chigaev, Maksim"]
[WhiteFideId "2226332"]
[BlackFideId "4108116"]
[WhiteElo "2563"]
[BlackElo "2628"]
[Result "0-1"]
[Round "07"]
[TimeControl "180+2"]
[Date "2023.01.10"]
[WhiteClock "0:00:02"]
[BlackClock "0:00:10"]

1. Nf3 Nf6 2. g3 g6 3. b3 d5 4. Bb2 c5 5. e3 h5 6. Bg2 Nc6 7. O-O Bg7 8. c4 d4 9. exd4 Ng4 10. Ne5 Nxd4 11. Nd3 h4 12. Nc3 hxg3 13. hxg3 e5 14. Nd5 Qg5 15. Nc7+ Kd8 16. Nxa8 e4 17. Nf4 Qh6 18. Re1 f5 19. Bc3 Qh2+ 20. Kf1 g5 21. Nd5 f4 22. gxf4 Nxf2 23. Kxf2 gxf4 24. Rxe4 Qg3+ 25. Kf1 Rh1+ 26. Bxh1 Bh3+ 27. Bg2 Bxg2+ 28. Kg1 Bxe4+ 29. Kf1 Qg2+ 30. Ke1 Qg1# 0-1


[Site "https://www.chess.com"]

[Event "Titled Tuesday Blitz January 10 Late 2023"]
[White "Makarian, Rudik"]
[Black "Jobava, Baadur"]
[WhiteFideId "44105681"]
[BlackFideId "13601520"]
[WhiteElo "2545"]
[BlackElo "2578"]
[Result "0-1"]
[Round "07"]
[TimeControl "180+2"]
[Date "2023.01.10"]
[WhiteClock "0:00:05"]
[BlackClock "0:00:47"]

1. Nf3 d5 2. g3 g6 3. c4 d4 4. b4 Bg7 5. d3 e5 6. Bg2 Ne7 7. O-O O-O 8. Bb2 Re8 9. Nbd2 Na6 10. b5 Nc5 11. a4 h6 12. Ba3 Ne6 13. Ne4 b6 14. a5 Rb8 15. Ned2 Bb7 16. a6 Ba8 17. Re1 Nf5 18. Qc2 g5 19. Bh3 Nd6 20. Ne4 Nxe4 21. dxe4 h5 22. Bf5 g4 23. Nd2 Bh6 24. Bxe6 Rxe6 25. Rad1 c5 26. Bc1 Qd6 27. Nf1 Kg7 28. Bxh6+ Rxh6 29. Ne3 Rf6 30. Ng2 h4 31. Nxh4 Rh8 32. Qd3 Qe6 33. f3 Rfh6 34. Nf5+ Qxf5 35. exf5 Rxh2 36. Rf1 Kf6 37. Qd2 gxf3 38. exf3 Rh1+ 39. Kf2 R8h2+ 40. Ke1 Rxf1+ 41. Kxf1 Rxd2 42. Rxd2 Bxf3 43. Rh2 e4 44. Rh8 e3 45. Rd8 Kxf5 46. Rd7 f6 47. Rxa7 d3 48. Rd7 d2 49. a7 e2+ 0-1


[Site "https://www.chess.com"]

[Event "Titled Tuesday Blitz January 10 Late 2023"]
[White "Indjic, Aleksandar"]
[Black "Svane, Rasmus"]
[WhiteFideId "911925"]
[BlackFideId "4657101"]
[WhiteElo "2618"]
[BlackElo "2623"]
[Result "1-0"]
[Round "07"]
[TimeControl "180+2"]
[Date "2023.01.10"]
[WhiteClock "0:00:16"]
[BlackClock "0:00:01"]

1. d4 Nf6 2. Nf3 d5 3. Bf4 e6 4. e3 Bd6 5. Nbd2 O-O 6. Bd3 c5 7. c3 Bxf4 8. exf4 Qd6 9. g3 cxd4 10. Nxd4 e5 11. fxe5 Qxe5+ 12. Qe2 Qc7 13. O-O Re8 14. Qf3 Nc6 15. Nxc6 bxc6 16. Rfe1 Bg4 17. Qg2 a5 18. h3 Bd7 19. b3 c5 20. Bf1 Bc6 21. Qf3 Qb6 22. Bg2 a4 23. Qf4 axb3 24. axb3 Rxa1 25. Rxa1 h6 26. h4 Bd7 27. b4 cxb4 28. Qxb4 Qxb4 29. cxb4 Re2 30. Nb3 Rb2 31. Nc5 Bb5 32. Ra8+ Kh7 33. Rb8 Rb1+ 34. Kh2 Ng4+ 35. Kh3 Nxf2+ 36. Kh2 Ng4+ 37. Kh3 Nf2+ 38. Kh2 Bc4 39. Bf3 Rb2 40. Kg1 Nh3+ 41. Kh1 g5 42. Nd7 Nf2+ 43. Kg1 Nh3+ 44. Kh1 d4 45. Ne5 Be6 46. b5 Nf2+ 47. Kg1 Nh3+ 48. Kh1 g4 49. Be4+ Kg7 50. Nd3 Re2 51. Bc6 Rd2 52. Nc5 d3 53. Rd8 Rd1+ 54. Kh2 d2 55. b6 Rc1 56. Nxe6+ fxe6 57. b7 Rb1 58. Rxd2 Kf6 59. Rd8 Rb2+ 60. Bg2 Ke7 61. b8=Q Rxb8 62. Rxb8 1-0


[Site "https://www.chess.com"]

[Event "Titled Tuesday Blitz January 10 Late 2023"]
[White "Duda, Jan-Krzysztof"]
[Black "Makridis, Dimitrios"]
[WhiteFideId "1170546"]
[BlackFideId "25864475"]
[WhiteElo "2724"]
[BlackElo "2356"]
[Result "1-0"]
[Round "07"]
[TimeControl "180+2"]
[Date "2023.01.10"]
[WhiteClock "0:01:47"]
[BlackClock "0:00:54"]

1. e4 c5 2. Bc4 Nc6 3. c3 Nf6 4. d3 e6 5. Bb3 d5 6. Nd2 Be7 7. Qe2 b5 8. Bc2 b4 9. e5 Nd7 10. f4 bxc3 11. bxc3 Qa5 12. Bb2 Rb8 13. Nb3 Qa6 14. Bc1 c4 15. dxc4 dxc4 16. Nd2 Nb6 17. Ngf3 Qa5 18. Ne4 Ba6 19. O-O Nd5 20. Qe1 O-O 21. Kh1 h6 22. g4 Ba3 23. g5 Bxc1 24. Rxc1 h5 25. Nf6+ Nxf6 26. gxf6 g6 27. Qg3 Qc7 28. Qg5 1-0


[Site "https://www.chess.com"]

[Event "Titled Tuesday Blitz January 10 Late 2023"]
[White "Rustemov, Alexander"]
[Black "Oparin, Grigoriy"]
[WhiteFideId "4119002"]
[BlackFideId "24125890"]
[WhiteElo "2525"]
[BlackElo "2667"]
[Result "1-0"]
[Round "07"]
[TimeControl "180+2"]
[Date "2023.01.10"]
[WhiteClock "0:00:38"]
[BlackClock "0:00:08"]

1. d4 d5 2. c4 e6 3. Nc3 Nf6 4. Nf3 Nbd7 5. Bg5 h6 6. Bh4 Be7 7. e3 O-O 8. Qc2 c5 9. cxd5 Nxd5 10. Bxe7 Qxe7 11. Nxd5 exd5 12. dxc5 Nxc5 13. Be2 Bg4 14. O-O Rac8 15. h3 Bxf3 16. Bxf3 Rfd8 17. Rac1 Rc6 18. Qd2 Ne4 19. Qd4 Ng5 20. Bg4 Rg6 21. Kh1 a6 22. Qf4 Ne4 23. Qc7 Qh4 24. g3 Qf6 25. Kg2 Rd6 26. Qb8+ Kh7 27. Rc8 Rg5 28. Bf3 Rb6 29. Rh8+ Kg6 30. Qg8 Rxg3+ 31. fxg3 Rxb2+ 32. Kg1 Nxg3 33. Bh5+ Nxh5 34. Qh7+ Kg5 35. Rxf6 Kxf6 36. Qd3 Rxa2 37. Qd4+ Kg6 38. Qg4+ 1-0


[Site "https://www.chess.com"]

[Event "Titled Tuesday Blitz January 10 Late 2023"]
[White "Domingo Nunez, Alejandro"]
[Black "Aravindh, Chithambaram VR."]
[WhiteFideId "22245561"]
[BlackFideId "5072786"]
[WhiteElo "2338"]
[BlackElo "2633"]
[Result "0-1"]
[Round "07"]
[TimeControl "180+2"]
[Date "2023.01.10"]
[WhiteClock "0:00:12"]
[BlackClock "0:01:09"]

1. Nf3 Nf6 2. g3 g6 3. b3 Bg7 4. Bb2 O-O 5. Bg2 d6 6. d4 b5 7. O-O Bb7 8. Qd3 a6 9. Nbd2 c5 10. e4 cxd4 11. Nxd4 Nbd7 12. Rac1 Rc8 13. Rfe1 Qb6 14. h3 Nc5 15. Qe3 e5 16. Ne2 Qc7 17. c4 b4 18. f4 exf4 19. gxf4 Ng4 20. hxg4 Bxb2 21. Rc2 Bg7 22. f5 Rfe8 23. Ng3 Nd7 24. g5 d5 25. f6 Bf8 26. Qf3 Ne5 27. Qf4 Qc5+ 28. Kh2 Nd3 29. Qe3 Nxe1 30. Qxe1 dxc4 31. Nf3 c3 32. e5 Bxf3 33. Bxf3 Qxe5 0-1


[Site "https://www.chess.com"]

[Event "Titled Tuesday Blitz January 10 Late 2023"]
[White "Hansen, Eric"]
[Black "Skvortsov, Andrei"]
[WhiteFideId "2606771"]
[BlackFideId "24108600"]
[WhiteElo "2609"]
[BlackElo "2313"]
[Result "1-0"]
[Round "07"]
[TimeControl "180+2"]
[Date "2023.01.10"]
[WhiteClock "0:00:08"]
[BlackClock "0:00:03"]

1. Nf3 e6 2. g3 b5 3. Bg2 Bb7 4. O-O c5 5. d3 Nf6 6. e4 Be7 7. Re1 O-O 8. Nc3 b4 9. Ne2 Nc6 10. e5 Nd5 11. h4 d6 12. exd6 Bxd6 13. Ng5 Be7 14. a3 a5 15. Nf4 Nxf4 16. Bxf4 Qd7 17. Qh5 Bxg5 18. hxg5 Nd4 19. Rac1 Bxg2 20. Kxg2 g6 21. Qg4 bxa3 22. bxa3 f5 23. gxf6 Rxf6 24. c3 Qd5+ 25. Re4 Nf5 26. Qe2 Raf8 27. Kg1 h6 28. Be5 R6f7 29. c4 Qc6 30. Re1 Re8 31. Bc3 Rfe7 32. Bxa5 Nd4 33. Qg4 e5 34. Bc3 Qf6 35. Bxd4 cxd4 36. Qe2 g5 37. a4 Re6 38. a5 Kg7 39. a6 Rxa6 40. Rxd4 Rae6 41. Re4 Kf7 42. Qh5+ Qg6 43. Qxg6+ Kxg6 44. d4 Kf5 45. d5 Rd6 46. Kh2 g4 47. Kg2 h5 48. f3 gxf3+ 49. Kxf3 Rg6 50. Rh4 Kg5 51. Reh1 1-0


[Site "https://www.chess.com"]